 Dungeon Crawl Stone Soup version 0.27.1-4-g1640c2035a (webtiles) character file.

Game seed: 9804661682165922603

4271 belegose the Chopper (level 10, -6/88 HPs)
             Began as a Hill Orc Fighter on Nov 4, 2021.
             Was an Elder of Zin.
             Killed by the air
             ... invoked by Gastronok
              (23 damage)
             ... on level 9 of the Dungeon.
             The game lasted 00:17:09 (9457 turns).

belegose the Chopper (Hill Orc Fighter)             Turns: 9457, Time: 00:17:10

Health: -6/88      AC: 14    Str: 23    XL:     10   Next: 31%
Magic:  14/14      EV:  5    Int:  8    God:    Zin [****..]
Gold:   407        SH: 11    Dex: 10    Spells: 9/9 levels left

rFire    + + .     SeeInvis .   a - +7 hand axe of the Bespelling Seeker {freeze, rF++}
rCold    . . .     Faith    .   c - +0 kite shield
rNeg     . . .     Spirit   .   B - +0 plate armour
rPois    .         Reflect  .   (no helmet)
rElec    .         Harm     .   (no cloak)
rCorr    .         Rampage  .   (no gloves)
Will     .....                  p - +0 pair of boots
Stlth    ..........             (no amulet)
HPRegen  0.24/turn              (no ring)
MPRegen  0.14/turn              (no ring)

@: no status effects
A: no striking features
a: Renounce Religion, Recite, Vitalisation, Imprison, Donate Gold


You were on level 9 of the Dungeon.
You worshipped Zin.
Zin was greatly pleased with you.
You visited 2 branches of the dungeon, and saw 10 of its levels.

You collected 452 gold pieces.
You donated 45 gold pieces to Zin.

Inventory:

Hand Weapons
 a - the +7 hand axe of the Bespelling Seeker (weapon) {freeze, rF++}
   (You found it on level 5 of the Dungeon)

   It freezes those it strikes, dealing additional cold damage.
   It can also slow down cold-blooded creatures.
   rF:        It greatly protects you from fire.
 b - the +1 flail of the Eleven Deaths {venom, Str+5}
   (You found it on level 6 of the Dungeon)

   It poisons the flesh of those it strikes.
   Str:       It affects your strength (+5).
Missiles
 h - 198 stones
 o - 6 boomerangs (quivered)
 y - 2 throwing nets
 E - 16 poisoned darts
Armour
 c - a +0 kite shield (worn)
 p - a +0 pair of boots (worn)
 B - a +0 plate armour (worn)
Jewellery
 u - a ring of magical power
Wands
 n - a wand of flame (7)
 v - a wand of mindburst (5)
Scrolls
 f - 2 scrolls of magic mapping {unknown}
 g - 7 scrolls of identify
 i - a scroll of enchant weapon {unknown}
 k - 2 scrolls of vulnerability {unknown}
 m - 4 scrolls of amnesia {unknown}
 q - a scroll of enchant armour {unknown}
 w - 2 scrolls of holy word {unknown}
 x - 2 scrolls of fog {unknown}
 z - 3 scrolls of teleportation {unknown}
 A - a scroll of summoning {unknown}
 C - a scroll of noise {unknown}
 D - a scroll of blinking {unknown}
Potions
 d - 2 potions of might
 e - a potion of ambrosia {unknown}
 j - 4 potions of lignification
 l - 2 potions of curing {unknown}
 r - a potion of heal wounds {unknown}
 s - a potion of flight {unknown}
 t - a potion of invisibility {unknown}


   Skills:
 + Level 7.9 Fighting
 + Level 7.9 Axes
 + Level 4.8 Throwing
 + Level 7.1 Armour
 + Level 7.1 Shields
 + Level 6.2 Invocations
 + Level 5.2 Evocations


You had 9 spell levels left.
You didn't know any spells.
Your spell library contained the following spells:

 Spells                   Type           Power      Damage    Failure   Level
 Beastly Appendage        Tmut           0%         N/A       100%        1
 Magic Dart               Conj           0%         1d3       100%        1
 Sandblast                Erth           0%         2d4       100%        1
 Shock                    Conj/Air       0%         1d3       100%        1
 Passwall                 Tmut/Erth      0%         N/A       100%        2
 Searing Ray              Conj           0%         3d3       100%        2
 Slow                     Hex            0%         N/A       100%        2
 Wereblood                Tmut           0%         N/A       100%        2
 Confusing Touch          Hex            0%         N/A       100%        3
 Spider Form              Tmut/Pois      0%         N/A       100%        3
 Swiftness                Air            0%         N/A       100%        3
 Airstrike                Air            0%         N/A       100%        4
 Fulminant Prism          Conj/Hex       0%         3d6       100%        4
 Lee's Rapid Deconstruct  Erth           0%         3d5*      100%        5
 Yara's Violent Unravell  Hex/Tmut       0%         3d3       100%        5


Dungeon Overview and Level Annotations

Branches:
Dungeon (9/15)             Temple (1/1) D:4
   Lair: D:8-11         Orc: D:9-12

Altars:
Ashenzari
Cheibriados
Dithmenos
Elyvilon
Fedhas
Gozag
Hepliaklqana
Kikubaaqudgha
Makhleb
Nemelex Xobeh
Okawaru
Qazlal
Ru
Sif Muna
Trog
Uskayaw
Vehumet
Wu Jian
Xom
Yredelemnul
Zin
The Shining One
Beogh

Annotations:
D:9 Gastronok


Message History

The air twists around and strikes you!
The shadow strikes at you from the darkness!
Reactivating autopickup.
The centaur wields a +0 shortbow.
The centaur shoots an arrow.
You block the arrow.
As you read the scroll labelled FOIN ODASCHUC, it crumbles to dust.
It is a scroll of identify.
j - 4 potions of lignification The shadow hits you.
* * * LOW HITPOINT WARNING * * *
Okay, then.
Aiming: Mindburst
Press: ? - help, Shift-Dir - straight line, f - centaur
Aim: a centaur, wielding a +0 shortbow and quivering arrows (chance to affect: 83%)
The centaur's mind is blasted!!
The centaur shoots an arrow.
The arrow hits you!
* * * LOW HITPOINT WARNING * * *
You block the shadow's attack.
Unknown command.
Aiming: Mindburst
Press: ? - help, Shift-Dir - straight line, f/p - centaur
Aim: a centaur, wielding a +0 shortbow and quivering arrows (almost dead, chance to affect: 83%)
The centaur's mind is blasted!!
You blow up the centaur!
The shadow hits you.
* * * LOW HITPOINT WARNING * * *
Aiming: Mindburst
Press: ? - help, Shift-Dir - straight line, f - shadow
Aim: a shadow (heavily damaged, chance to affect: 69%)
The shadow's mind is blasted!!
You blow up the shadow!
Gastronok's eyestalks wobble, almost dislodging his wizard hat.
Gastronok sloshes about.
Gastronok chants a spell, wobbling all the while.
The quokka twitches its whiskers.
You are ready to recite again.
The quokka closely misses you.
Gastronok waves his eye-stalks in wide circles.
The air twists around and strikes you!!
You die...

#### ..#
#######.#######
.......@......#
####...r......#
#....).....#
#...r..)...#
###
#....!.....#
$.$
#..........# #
#.#
##w##########
#.##.##.##.##.#
...........##.#


You could see Gastronok (swift), a quokka (summoned) and a rat (summoned).

Vanquished Creatures
  Joseph (D:7)
  A komodo dragon (D:8)
  Grinder (D:5)
  A shadow (D:9)
  A wyvern (D:7)
  Menkaure (D:4)
  A water moccasin (D:9)
  3 orc warriors
  A hornet zombie (D:8)
  2 ogres
  2 ice beasts
  2 necrophages (D:5)
  A centaur (D:9)
  2 kobold brigands
  2 bullfrogs
  4 scorpions
  A water moccasin skeleton (D:6)
  9 killer bees
  4 howler monkeys
  2 centaur zombies
  5 bullfrog zombies
  4 hounds
  2 orc priests
  2 bullfrog skeletons
  A jelly (D:7)
  A centaur skeleton (D:6)
  An iguana (D:7)
  5 orc wizards
  A hound zombie (D:5)
  A howler monkey zombie (D:7)
  4 gnolls (D:4)
  3 howler monkey skeletons
  A shadow imp (D:8)
  A white imp (D:5)
  An ufetubus (D:7)
  5 worms
  A dart slug (D:3)
  37 orcs
  10 ball pythons
  10 endoplasms
  3 giant cockroaches
  8 goblins
  5 hobgoblins
  2 jackals (D:4)
  6 quokkas
  6 bats
  6 frilled lizards
  3 kobolds
  10 rats
187 creatures vanquished.

Notes
Turn   | Place    | Note
-------+----------+-------------------------------------------
     0 | D:1      | belegose the Hill Orc Fighter began the quest for the Orb.
     0 | D:1      | Reached XP level 1. HP: 19/19 MP: 1/1
   259 | D:1      | Reached XP level 2. HP: 27/27 MP: 2/2
   676 | D:1      | Reached XP level 3. HP: 33/33 MP: 3/3
   707 | D:1      | Found a faded altar of an unknown god.
   897 | D:2      | Noticed a scorpion
   907 | D:2      | Killed a scorpion
   908 | D:2      | Reached XP level 4. HP: 10/41 MP: 4/4
  1566 | D:3      | Reached skill level 1 in Throwing
  1758 | D:3      | Reached XP level 5. HP: 47/47 MP: 5/5
  2228 | D:4      | Noticed a kobold brigand
  2320 | D:4      | Killed a kobold brigand
  2321 | D:4      | Reached skill level 1 in Evocations
  2431 | D:4      | Found a stormy altar of Qazlal.
  2438 | D:4      | Reached XP level 6. HP: 55/55 MP: 6/6
  2779 | D:4      | Reached skill level 5 in Fighting
  3034 | D:4      | Found a staircase to the Ecumenical Temple.
  3046 | Temple   | Entered the Ecumenical Temple
  3208 | Temple   | Became a worshipper of Zin the Law-Giver
  3208 | Temple   | Reached * piety under Zin
  3426 | D:4      | Noticed Menkaure
  3430 | D:4      | Killed Menkaure
  3431 | D:4      | Reached skill level 1 in Invocations
  3431 | D:4      | Reached XP level 7. HP: 32/61 MP: 7/7
  3935 | D:5      | Entered Level 5 of the Dungeon
  4014 | D:5      | Reached skill level 5 in Axes
  4030 | D:5      | Identified the +7 hand axe of the Bespelling Seeker
                  | {freeze, rF++}
  4091 | D:5      | HP: 3/61 [poisoned by a scorpion]
  4093 | D:5      | HP: 1/61 [poisoned by a scorpion]
  4471 | D:5      | Found a shimmering blue altar of Sif Muna.
  4692 | D:5      | Reached skill level 5 in Armour
  4692 | D:5      | Reached skill level 5 in Shields
  4719 | D:5      | Reached XP level 8. HP: 64/70 MP: 9/9
  5160 | D:5      | Reached ** piety under Zin
  5226 | D:5      | Noticed Grinder
  5250 | D:5      | Killed Grinder
  5705 | D:6      | Reached XP level 9. HP: 33/78 MP: 10/12
  6020 | D:6      | Found an opulent altar of Gozag.
  6020 | D:6      | Found a bloodstained altar of Trog.
  6020 | D:6      | Found a sacrificial altar of Ru.
  6188 | D:6      | Found a runed translucent door.
  6193 | D:6      | Identified the +1 leather armour "Yxer" {Regen+ rCorr
                  | Dex-5}
  6333 | D:6      | Identified the +1 flail of the Eleven Deaths {venom, Str+5}
  6551 | D:6      | Found a roughly hewn altar of Beogh.
  6904 | D:7      | Reached *** piety under Zin
  7287 | D:7      | Noticed Joseph
  7490 | D:7      | Killed Joseph
  7491 | D:7      | Reached skill level 5 in Invocations
  8296 | D:7      | Reached **** piety under Zin
  8544 | D:8      | Reached XP level 10. HP: 69/86 MP: 14/14
  8730 | D:8      | Reached skill level 5 in Evocations
  9209 | D:8      | Found a glowing golden altar of the Shining One.
  9437 | D:9      | Noticed Gastronok
  9457 | D:9      | Killed from afar by Gastronok

Illustrated notes

Levels and vault maps discovered:
D:1:      lightli_arrival_isolated_outpost, layout_basic,
          shapermc_ecumenical_altar_mp_highgroup, chequers_serial_rivers_small_b
D:2:      layout_rooms
D:3:      layout_basic
D:4:      layout_loops_ring, nicolae_overflow_crystal_walls,
          minmay_temple_entry_large_hall, st_stairs_10, uniq_menkaure
D:5:      layout_basic, marbit_many_paths, uniq_grinder
D:6:      layout_loops_ring, gammafunk_temple_overflow_claw,
          lightli_church_of_beogh
D:7:      layout_cave_pools, eino_jars, uniq_joseph
D:8:      layout_rooms, tso_oasis_becter
D:9:      hangedman_cross_veins, layout_basic, uniq_gastronok, uniq_harold,
          uniq_maggie
Temple:   eino_temple_rhombus

Skill      XL: |  1  2  3  4  5  6  7  8  9 10 |
---------------+-------------------------------+-----
Axes           | 3 4 5 6 7 |  7.9
Fighting       | 4 5 6 7 |  7.9
Armour         | 4 5 6 7 |  7.1
Shields        | 4 5 6 7 |  7.1
Throwing       | 1 2 3 4 |  4.8
Evocations     | 1 2 3 4 5 |  5.2
Invocations    | 1 2 4 5 6 |  6.2

Action                   |  1- 3 |  4- 6 |  7- 9 | 10-12 || total
-------------------------+-------+-------+-------+-------++-------
Melee: War axe           |    85 |   151 |    13 |       ||   249
       Hand axe          |       |       |   303 |    46 ||   349
Throw: Dart              |       |     2 |       |       ||     2
       Boomerang         |       |       |     9 |       ||     9
Invok: Recite            |       |       |     1 |     2 ||     3
Evoke: Wand              |       |     3 |       |     3 ||     6
  Use: Scroll            |       |       |       |     1 ||     1
Armor: Scale mail        |    47 |    52 |    34 |       ||   133
       Plate armour      |       |       |   125 |    22 ||   147
Dodge: Dodged            |    23 |    42 |    59 |     3 ||   127
Block: Kite shield       |    46 |    68 |   186 |    18 ||   318
